 Dungeon Crawl Stone Soup version 0.27.1-15-g792fb953b9 (webtiles) character file.

Game seed: 12575202816288077796

2 croobank the Magician (level 1, 0/13 HPs)
             Began as a Barachi Hedge Wizard on Nov 19, 2021.
             Slain by a quokka (3 damage)
             ... on level 1 of the Dungeon.
             The game lasted 00:02:03 (84 turns).

croobank the Magician (Barachi Hedge Wizard)          Turns: 84, Time: 00:02:06

Health: 0/13       AC:  2    Str: 11    XL:     1   Next: 30%
Magic:  1/4        EV: 12    Int: 14    God:
Gold:   7          SH:  0    Dex: 11    Spells: 5/6 levels left

rFire    . . .     SeeInvis .   a - +0 dagger
rCold    . . .     Faith    .   (no shield)
rNeg     . . .     Spirit   .   b - +0 robe
rPois    .         Reflect  .   c - +0 hat
rElec    .         Harm     .   (no cloak)
rCorr    .         Rampage  .   (no gloves)
Will     .....                  (no boots)
Stlth    ++........             (no amulet)
HPRegen  0.04/turn              (no ring)
MPRegen  0.09/turn              (no ring)

@: unable to hop, slow
A: amphibious, slowness 1, strong legs 1, +LOS
a: Hop


You were on level 1 of the Dungeon.
You visited 1 branch of the dungeon, and saw 1 of its levels.

You collected 7 gold pieces.

Inventory:

Hand Weapons
 a - a +0 dagger (weapon)
Missiles
 d - 10 bolts
Armour
 b - a +0 robe (worn)
 c - a +0 hat (worn)
Jewellery
 e - an amulet of faith


   Skills:
 + Level 2.2 Dodging
 + Level 1.7 Stealth
 + Level 3.3 Spellcasting
 + Level 1.1 Conjurations
 + Level 1.2 Summonings
 + Level 1.1 Translocations


You had 5 spell levels left.
You knew the following spells:

 Your Spells              Type           Power      Damage    Failure   Level
a - Magic Dart            Conj           20%        1d4       13%         1

Your spell library contained the following spells:

 Spells                   Type           Power      Damage    Failure   Level
 Call Imp                 Summ           5%         N/A       19%         2
 Blink                    Tloc           N/A        N/A       21%         2
 Slow                     Hex            2%         N/A       30%         2
 Conjure Flame            Conj/Fire      3%         6-21      45%         3
 Mephitic Cloud           Conj/Pois/Air  3%         N/A       47%         3


Dungeon Overview and Level Annotations

Branches:
Dungeon (1/15)

Altars:


Innate Abilities, Weirdness & Mutations

You are amphibious.
You cover ground slowly.
You can hop short distances.
You have an extended range of vision and can be seen from far away.


Message History

Nothing appears to happen.
The goblin barely misses you. The quokka bites you. The bat closely misses you.
The bat barely misses you. The quokka completely misses you.
Aiming: Magic Dart (safe; 13% risk of failure)
Press: ? - help, Q - select action, (/) - cycle Shift-Dir - straight line, f - quokka
Aim: a quokka (100% to hit)
The magic dart hits the quokka.
The quokka is heavily wounded.
The quokka barely misses you.
You start putting on your amulet.
You continue putting on your amulet of faith.
The quokka bites you.
Keep equipping yourself?
Uppercase [Y]es or [N]o only, please.
Keep equipping yourself? [Y]es or [N]o only, please.
Keep equipping yourself?
You stop putting on your amulet.
* * * LOW HITPOINT WARNING * * *
Your magical contamination has completely faded away.
Hop to where?
Press: ? - help, Dir - move target, p - quokka Boing!
Found 6 gold pieces.
The bat closely misses you.
You aren't carrying any scrolls.
You aren't carrying any potions.
You hit the bat.
You kill the bat!
Found a scroll labelled ZOMAEX IF ZULA.
The giant cockroach waves its antennae.
Aiming: Magic Dart (safe; 13% risk of failure)
Press: ? - help, Q - select action, (/) - cycle Shift-Dir - straight line, f - quokka
Aim: a quokka (moderately wounded, 100% to hit)
The magic dart hits the quokka.
The quokka is heavily wounded.
The quokka barely misses you. The quokka bites you.
You die...

...# ...# ...#
.... ... ### ..##
##@#
...############r.#
...##..w..†..Bg.##
......#.......###
....##.?####..#
.....#.## ...##
........l..?.#
...#...#####..
......... ..$


You could see a quokka, a giant cockroach and a goblin.

Vanquished Creatures
  2 bats (D:1)
2 creatures vanquished.

Notes
Turn   | Place    | Note
-------+----------+-------------------------------------------
     0 | D:1      | croobank the Barachi Hedge Wizard began the quest for the
                  | Orb.
     0 | D:1      | Reached XP level 1. HP: 13/13 MP: 4/4
    52 | D:1      | Found a faded altar of an unknown god.
    84 | D:1      | Slain by a quokka

Illustrated notes

Levels and vault maps discovered:
D:1:      dpeg_arrival_tiny_i, layout_rooms, hellmonk_ecumenical_altar_lost_god

Action                   || total
-------------------------++-------
Melee: Dagger            ||     4
 Cast: Magic Dart        ||     5
 Abil: Hop               ||     1
Armor: Robe              ||     4
Dodge: Dodged            ||    13
